 Dungeon Crawl Stone Soup version 0.29.0-4-gdea44cf6ec (webtiles) character file.

Game seed: 182720936911803701

476 qw the Chopper (level 7, -5/41 HPs)
             Began as a Tengu Warper on Aug 28, 2022.
             Killed from afar by Dowan (13 damage)
             ... with a shard of ice
             ... on level 4 of the Dungeon.
             The game lasted 00:00:24 (3922 turns).

qw the Chopper (Tengu Warper)                       Turns: 3922, Time: 00:00:24

Health: -5/41      AC:  8    Str: 12    XL:     7   Next: 10%
Magic:  11/11      EV: 12    Int: 12    God:
Gold:   160        SH:  0    Dex: 24    Spells: 10/10 levels left

rFire   . . .      SeeInvis .   Y - +0 hand axe
rCold   . . .      Faith    .   (no shield)
rNeg    . . .      Spirit   .   b - +0 scale mail
rPois   .          Reflect  .   (helmet restricted)
rElec   .          Harm     .   (no cloak)
rCorr   .          Rampage  .   c - +1 pair of gloves
Will    .....                   (boots unavailable)
Stlth   +.........              (no amulet)
HPRegen 0.13/turn               l - +6 ring of dexterity
MPRegen 0.12/turn               (no ring)

@: flying quickly and evasively, quick
A: beak, talons 3, nimble flight, agile 1
a: no special abilities


You were on level 4 of the Dungeon.
You visited 1 branch of the dungeon, and saw 4 of its levels.
You also visited: Ossuary.

You collected 160 gold pieces.


Innate Abilities, Weirdness & Mutations

You have a beak for a mouth.
You have claws for feet.
Your magical nature lets you fly swiftly and evasively.
You are agile. (Dex +4, Str/Int -1)


   Skills:
 - Level 3.3 Fighting
 + Level 7.2 Axes
 - Level 1.0 Throwing
 - Level 1.1 Armour
 - Level 3.1 Dodging
 - Level 2.0 Spellcasting
 - Level 2.4 Translocations


You had 10 spell levels left.
You didn't know any spells.
Your spell library contained the following spells:

 Spells                   Type           Power      Damage    Failure   Level
 Blink                    Tloc           12%        N/A       63%         2
 Gell's Gravitas          Tloc           6%         N/A       86%         3
 Lesser Beckoning         Tloc           6%         N/A       86%         3
 Teleport Other           Tloc           6%         N/A       86%         3
 Manifold Assault         Tloc           6%         N/A       100%        5

Inventory:

Hand Weapons
 d - a +0 whip
 Y - a +0 hand axe (weapon)
Missiles
 n - 2 boomerangs (quivered)
Armour
 b - a +0 scale mail (worn)
 c - a +1 pair of gloves (worn)
Jewellery
 i - a ring of protection from cold
 l - a +6 ring of dexterity (left hand)
Scrolls
 a - a scroll of fog {unknown}
 g - a scroll of magic mapping {unknown}
 h - a scroll of identify
 p - a scroll of teleportation
Potions
 e - a potion of heal wounds
 f - a potion of haste
 m - a potion of resistance {unknown}
 o - 5 potions of curing

Dungeon Overview and Level Annotations

Branches:
Dungeon (4/15)            Ossuary (visited)
 Temple: D:4-7

Altars:
Wu Jian

Annotations:
D:4 Dowan


Message History

Duvessa is severely wounded.
Duvessa hits you with a +0 short sword.
You hit Duvessa. You peck Duvessa, but do no damage.
Duvessa is severely wounded.
Duvessa hits you but does no damage.
You hit Duvessa but do no damage. You claw Duvessa, but do no damage.
You peck Duvessa, but do no damage.
Duvessa is severely wounded.
Duvessa hits you with a +0 short sword.
You hit Duvessa. You claw Duvessa.
Duvessa is almost dead.
Duvessa barely misses you.
You hit Duvessa but do no damage.
Duvessa is almost dead.
Duvessa hits you with a +0 short sword.
You hit Duvessa but do no damage. You claw Duvessa.
You kill Duvessa!
You hear a distant wail of despair.
Your Fighting skill increases to level 3!
You have reached level 7!
You start resting.
Dowan is nearby!
Dowan shouts!
Dowan seems to find hidden reserves of power!
Dowan drinks a potion.
Dowan flickers and vanishes!
Deactivating autopickup; reactivate with Ctrl-A.
Something hits you but does no damage.
Items here: ! % ) [.
You hit something. Your kick misses something. Something hits you.
You hit something but do no damage. Your kick misses something.
You peck something.
You hear some strange, mumbled words.
You swing at nothing.
You swing at nothing.
You swing at nothing.
You hear some strange, mumbled words.
A shard of ice appears from out of thin air!
The shard of ice hits you!
You die...

... .#. .. .. #. ### #
#{ ##.## ##
#.##########...# #.
#.@..#....##...###.
####.#....#..#..#..
#.#....#.###.#.#
####......).# #...#
#).........## ##.##
###..........# #.#
............#### ####
...#........#...#####.
...#........#...#....#


There were no monsters in sight!

Vanquished Creatures
  Duvessa (D:4)
  An ogre (D:4)
  A scorpion (D:4)
  An iguana (D:4)
  Ijyb (D:3)
  2 hound zombies (Ossuary)
  4 mummies (Ossuary)
  An adder (D:3)
  2 ufetubi (D:4)
  A worm (D:2)
  A dart slug (D:3)
  6 orcs
  5 ball pythons
  4 endoplasms
  2 giant cockroaches (D:3)
  7 goblins
  4 hobgoblins
  2 quokkas
  9 bats
  6 frilled lizards
  3 goblin zombies (Ossuary)
  A hobgoblin zombie (Ossuary)
  A jackal zombie (Ossuary)
  6 kobolds
  2 kobold zombies (Ossuary)
  9 rats
  3 rat zombies (Ossuary)
86 creatures vanquished.

Notes
Turn   | Place    | Note
-------+----------+-------------------------------------------
     0 | D:1      | qw the Tengu Warper began the quest for the Orb.
     0 | D:1      | Reached XP level 1. HP: 12/12 MP: 4/4
     0 | D:1      | 0 ||| qw: Version: 0.1-a-89-g26bdef1
     0 | D:1      | 0 ||| qw: Game counter: 3120
     0 | D:1      | 0 ||| qw: Always use a shield: true
     0 | D:1      | 0 ||| qw: God list: Okawaru
     0 | D:1      | 0 ||| qw: Allow faded altars: false
     0 | D:1      | 0 ||| qw: Do Orc after D:15 true
     0 | D:1      | 0 ||| qw: Do second Lair branch before Depths: true
     0 | D:1      | 0 ||| qw: Lair rune preference: random
     0 | D:1      | 0 ||| qw: Plans: Normal
     0 | D:1      | 0 ||| PLANNING D:1-11
   126 | D:1      | 126 ||| DROPPING +0 club.
   555 | D:1      | 555 ||| READING scroll labelled SUCHUD HUOPLUE.
   556 | D:1      | 556 ||| DRINKING 2 silvery potions.
   557 | D:1      | 557 ||| DRINKING 2 dark potions.
   558 | D:1      | 558 ||| DROPPING scroll of blinking.
   613 | D:2      | Reached XP level 2. HP: 17/17 MP: 6/6
   685 | D:2      | Reached skill level 3 in Axes
  1208 | D:2      | Reached XP level 3. HP: 18/21 MP: 7/7
  1660 | D:2      | Reached skill level 4 in Axes
  1779 | D:2      | 1779 ||| UPGRADING to +1 pair of gloves.
  1784 | D:2      | 1784 ||| UPGRADING to +0 ring mail.
  1794 | D:2      | 1794 ||| DROPPING +0 leather armour.
  1795 | D:2      | 1795 ||| READING scroll labelled PEZI FEOWIODE.
  1896 | D:2      | 1896 ||| READING scroll labelled FIRUNN NAGY.
  1897 | D:2      | 1897 ||| READING scroll labelled IHEAVYREAD.
  1963 | D:3      | 1963 ||| Stepping ~*~*~tactically~*~*~ (stealth).
  1967 | D:3      | 1967 ||| FLEEEEING.
  1969 | D:3      | 1969 ||| FLEEEEING.
  1970 | D:3      | 1970 ||| FLEEEEING.
  1971 | D:3      | 1971 ||| STAIRDANCE
  2008 | D:2      | 2008 ||| UPGRADING to +0 scale mail.
  2018 | D:2      | 2018 ||| DROPPING +0 ring mail.
  2039 | D:3      | Found a faded altar of an unknown god.
  2072 | D:3      | Identified the +0 leather armour of Wionuav {+Blink rPois
                  | Slay-4}
  2073 | D:3      | 2073 ||| Stepping ~*~*~tactically~*~*~ (stealth).
  2215 | D:3      | Noticed Ijyb
  2216 | D:3      | 2216 ||| DRINKING potion of curing.
  2216 | D:3      | 2216 ||| (to cure confusion)
  2217 | D:3      | 2217 ||| Stepping ~*~*~tactically~*~*~ (hiding).
  2219 | D:3      | 2219 ||| Stepping ~*~*~tactically~*~*~ (hiding).
  2238 | D:3      | Killed Ijyb
  2239 | D:3      | Reached XP level 4. HP: 14/26 MP: 8/8
  2255 | D:3      | 2255 ||| Stepping ~*~*~tactically~*~*~ (stealth).
  2258 | D:3      | 2258 ||| Stepping ~*~*~tactically~*~*~ (stealth).
  2266 | D:3      | 2266 ||| Stepping ~*~*~tactically~*~*~ (stealth).
  2267 | D:3      | 2267 ||| Stepping ~*~*~tactically~*~*~ (stealth).
  2268 | D:3      | 2268 ||| Stepping ~*~*~tactically~*~*~ (stealth).
  2274 | D:3      | 2274 ||| Stepping ~*~*~tactically~*~*~ (stealth).
  2330 | D:3      | 2330 ||| FLEEEEING.
  2331 | D:3      | 2331 ||| FLEEEEING.
  2332 | D:3      | 2332 ||| FLEEEEING.
  2334 | D:3      | 2334 ||| FLEEEEING.
  2335 | D:3      | 2335 ||| FLEEEEING.
  2336 | D:3      | 2336 ||| FLEEEEING.
  2337 | D:3      | 2337 ||| FLEEEEING.
  2338 | D:3      | 2338 ||| FLEEEEING.
  2339 | D:3      | 2339 ||| STAIRDANCE
  2387 | D:2      | 2387 ||| READING scroll labelled VUMULI PAS CAISI.
  2439 | D:3      | Reached skill level 5 in Axes
  2827 | D:3      | Found an ornate altar of the Wu Jian Council.
  2861 | D:3      | 2861 ||| UPGRADING to +6 ring of dexterity.
  2862 | D:3      | 2862 ||| READING scroll labelled PAGEOGUYQU.
  2863 | D:3      | 2863 ||| DRINKING 2 orange potions.
  2864 | D:3      | 2864 ||| DROPPING potion of invisibility.
  2883 | D:4      | 2883 ||| PLANNING OSSUARY
  2913 | D:4      | Found a sand-covered staircase.
  2917 | Ossuary  | Entered an ossuary
  2924 | Ossuary  | Gained mutation: Your magical nature lets you fly swiftly
                  | and evasively. [Tengu growth]
  2924 | Ossuary  | Reached XP level 5. HP: 29/30 MP: 9/9
  3017 | Ossuary  | Reached skill level 6 in Axes
  3287 | Ossuary  | 3287 ||| READING 2 scrolls labelled ZERY LIUDGH.
  3292 | Ossuary  | 3292 ||| DRINKING 2 black potions.
  3292 | Ossuary  | Gained mutation: You have hidden genetic defects. [potion
                  | of mutation]
  3293 | Ossuary  | 3293 ||| DRINKING 2 coppery potions.
  3294 | Ossuary  | 3294 ||| READING 4 scrolls of identify.
  3294 | Ossuary  | 3294 ||| IDENTIFYING murky white potion
  3295 | Ossuary  | 3295 ||| READING 3 scrolls of identify.
  3295 | Ossuary  | 3295 ||| IDENTIFYING cyan potion
  3296 | Ossuary  | 3296 ||| READING 2 scrolls of identify.
  3296 | Ossuary  | 3296 ||| IDENTIFYING fuming orange potion
  3297 | Ossuary  | 3297 ||| DROPPING potion of brilliance.
  3298 | Ossuary  | 3298 ||| DROPPING potion of degeneration.
  3299 | Ossuary  | 3299 ||| DROPPING potion of magic.
  3304 | D:4      | 3304 ||| PLANNING D:1-11
  3454 | D:4      | Reached XP level 6. HP: 25/35 MP: 10/10
  3454 | D:4      | Gained mutation: You occasionally lose the ability to drink
                  | potions when taking damage. [hidden defects]
  3540 | D:4      | 3540 ||| DRINKING potion of mutation.
  3540 | D:4      | Lost mutation: You occasionally lose the ability to drink
                  | potions when taking damage. [potion of mutation]
  3540 | D:4      | Lost mutation: You have hidden genetic defects. [potion of
                  | mutation]
  3540 | D:4      | Gained mutation: You are agile. (Dex +4, Str/Int -1)
                  | [potion of mutation]
  3587 | D:4      | Reached skill level 3 in Dodging
  3748 | D:4      | Reached skill level 7 in Axes
  3886 | D:4      | Noticed Duvessa
  3887 | D:4      | Noticed Dowan
  3888 | D:4      | 3888 ||| Stepping ~*~*~tactically~*~*~ (stealth).
  3901 | D:4      | Killed Duvessa
  3902 | D:4      | Reached skill level 3 in Fighting
  3902 | D:4      | Reached XP level 7. HP: 11/41 MP: 11/11
  3918 | D:4      | HP: 7/41 [something (6)]
  3922 | D:4      | Killed from afar by Dowan

Levels and vault maps discovered:
D:1:      giann_bridges, layout_basic, minmay_tetromino_s2
D:2:      layout_loops_corners
D:3:      layout_rooms, nicolae_wu_jian_immortal_techniques,
          shapermc_ecumenical_altar_ellora, uniq_ijyb
D:4:      layout_basic, serial_curves, eino_curves_04, eino_curves_02,
          eino_curves_04, eino_curves_03, lightli_ossuary_entry_decrepit_ruins,
          st_stairs_7, uniq_duvessa

Skill      XL: |  1  2  3  4  5  6 |
---------------+-------------------+-----
Axes           | 3 4 5 6 7 |  7.2
Dodging        | 3 |  3.1
Fighting       | 3 |  3.3
Throwing       | |  1.0
Armour         | |  1.1
Spellcasting   | |  2.0
Translocations | |  2.4

Action                   |  1- 3 |  4- 6 |  7- 9 || total
-------------------------+-------+-------+-------++-------
Melee: Hand axe          |    97 |    89 |     2 ||   188
       Kick              |    23 |    33 |       ||    56
       Peck              |    11 |    17 |     1 ||    29
       Punch             |       |     2 |       ||     2
Throw: Boomerang         |    15 |    52 |       ||    67
  Use: Potion            |     3 |     4 |       ||     7
       Scroll            |     4 |     6 |       ||    10
Armor: Leather armour    |    15 |       |       ||    15
       Scale mail        |    12 |    44 |     1 ||    57
       Ring mail         |     4 |       |       ||     4
Dodge: Dodged            |    45 |    53 |       ||    98

Table legend:
 A = Non-vault XP
 B = Vault XP
 C = Vault XP percentage of total XP
 D = Non-vault monster count
 E = Vault monster count
 F = Vault count percentage of total count
                 A         B        C        D         E       F
            +---------+---------+-------+---------+---------+-------
      Total |     372 |     308 |  45.3 |      68 |      18 |  20.9
            +---------+---------+-------+---------+---------+-------
        D:1 |       8 |       0 |   0.0 |       7 |       0 |   0.0
        D:2 |      39 |       0 |   0.0 |      24 |       0 |   0.0
        D:3 |      63 |      35 |  35.7 |      26 |       1 |   3.7
        D:4 |     262 |     147 |  35.9 |      11 |       1 |   8.3
    Ossuary |       0 |     126 | 100.0 |       0 |      16 | 100.0
            +---------+---------+-------+---------+---------+-------
